 Dungeon Crawl Stone Soup version 0.30-a0-930-gb9d0489357 (webtiles) character file.

Game seed: 3596853803616837379

36238 sanka the Impaler (level 13, -18/108 HPs)
             Began as a Merfolk Berserker on Mar 24, 2023.
             Was a High Priest of Trog.
             Killed from afar by a bog body (25 damage)
             ... with a bolt of cold
             ... on level 3 of the Lair of Beasts.
             The game lasted 00:32:40 (16019 turns).

sanka the Impaler (Merfolk Berserker)              Turns: 16019, Time: 00:32:41

Health: -18/108    AC: 23    Str: 20    XL:     13   Next: 89%
Magic:  0/13       EV: 11    Int:  7    God:    Trog [*****.]
Gold:   1143       SH:  0    Dex: 15    Spells: 12/12 levels left

rFire   + . .      SeeInvis .    a - +3 glaive (heavy)
rCold   . . .      Faith    .    (shield currently unavailable)
rNeg    . . .      Spirit   +    r - +2 plate armour {rF+}
rPois   .          Reflect  .    (no helmet)
rElec   .          Rampage  .    R - +1 cloak
rCorr   .                        Q - +0 pair of gloves
Will    +....                    n - +2 pair of boots Stlth
                                 B - amulet of guardian spirit
HPRegen 0.38/turn                N - +4 ring of slaying
MPRegen 0.13/turn                K - ring of willpower

@: studying 2 skills
A: (nimble swimmer 2), mertail
a: Renounce Religion, Berserk, Trog's Hand, Brothers in Arms


You were on level 3 of the Lair of Beasts.
You worshipped Trog.
Trog was extremely pleased with you.
You visited 2 branches of the dungeon, and saw 14 of its levels.
You also visited: Sewer, Ice Cave and Volcano.

You collected 1327 gold pieces.
You spent 184 gold pieces at shops.


Innate Abilities, Weirdness & Mutations

((You are very nimble when in or above water. (Stealth+, EV+, Speed+++)))
Your lower body shifts to a powerful aquatic tail in water.


   Skills:
 + Level 12.1 Fighting
 + Level 20.7 Polearms
 * Level 9.6 Armour
 + Level 11.4 Dodging


You had 12 spell levels left.
You didn't know any spells.
Your spell library was empty.

Inventory:

Hand Weapons
 a - a +3 heavy glaive (weapon)
 b - a +1 bardiche of flaming
 F - a +1 scimitar of distortion
Missiles
 k - a curare-tipped dart {=f}
 D - 4 throwing nets {=f}
Armour
 n - a +2 pair of boots (worn)
 r - a +2 plate armour of fire resistance (worn)
 Q - a +0 pair of gloves (worn)
 R - a +1 cloak (worn)
Jewellery
 B - an amulet of guardian spirit (around neck)
 C - a ring of resist corrosion
 K - a ring of willpower (right hand)
 N - a +4 ring of slaying (left hand)
Wands
 l - a wand of mindburst (13)
 x - a wand of digging (5)
 E - a wand of charming (4)
 I - a wand of iceblast (25)
Scrolls
 e - a scroll of immolation {!r}
 g - 2 scrolls of fear
 i - 3 scrolls of enchant weapon
 o - 2 scrolls of blinking
 p - a scroll of fog
 y - 3 scrolls of noise {!r}
 A - 3 scrolls of poison {!r}
 H - 2 scrolls of torment {!r}
 J - 7 scrolls of teleportation {@r4}
 L - 3 scrolls of enchant armour
 M - a scroll of brand weapon
 P - a scroll of silence {!r}
Potions
 c - 3 potions of attraction {unknown}
 d - 11 potions of heal wounds {unknown}
 f - 5 potions of invisibility {unknown}
 h - 2 potions of brilliance
 j - a potion of experience {unknown}
 m - a potion of curing {@q1}
 q - 3 potions of berserk rage {unknown}
 s - a potion of flight {unknown}
 t - 2 potions of mutation {unknown}
 u - 3 potions of might
 v - 3 potions of haste {unknown}
 w - 2 potions of lignification {unknown}
 z - 2 potions of degeneration {unknown}
 G - 3 potions of cancellation {unknown}
 O - 3 potions of magic {unknown}

Dungeon Overview and Level Annotations

Branches:
Dungeon (11/15)            Temple (0/1) D:4            Lair (3/5) D:9
  Swamp (0/4) Lair:3       Spider (0/4) Lair:2          Orc (0/2) D:11
  Sewer (visited)           IceCv (visited)         Volcano (visited)

Altars:
Cheibriados
Elyvilon
Qazlal
Sif Muna
Uskayaw

Shops:
D:11

[ .♣▒...▒▒
▒▒......▒ ♣.▒....▒
▒▒......▒▒
.♣▒...▒▒..▒▒.....▒
♣♣▒..............▒
♣ ▒..>......[....▒▒
♣♣▒.....▒▒f.▒P....▒
........▒▒▒▒▒▒...▒▒
♣♣▒.....▒ ▒....▒ ♣
▒.....▒ ▒..m▒▒
♣♣▒......▒ ▒..n▒
.♣▒....>▒▒ ▒...▒
♣.▒.....f▒ ▒....▒
.♣▒.....▒▒ ▒.▒##..
♣♣▒...... ..#.###~
▒ ....##♣#~
.....###♣~


You could see a bog body.


Message History

The bog body is moderately damaged.
You slash the bog body!
The bog body is heavily damaged.
The bog body gestures at you while chanting.
The bolt of cold hits you!!
You barely miss the bog body.
The bog body is heavily damaged.
The bog body casts a spell at you. The bolt of cold hits you!
* * * LOW HITPOINT WARNING * * *
The bog body touches you but does no damage.
You closely miss the bog body.
The bog body is heavily damaged.
The bog body touches you but does no damage.
You closely miss the bog body.
The bog body is heavily damaged.
The bog body points at you and mumbles some strange words.
The bolt of cold hits you!!
* * * LOW HITPOINT WARNING * * *
You barely miss the bog body.
The bog body is heavily damaged.
The bog body touches you!
* * * LOW HITPOINT WARNING * * *
The bog body freezes you!!
* * * LOW HITPOINT WARNING * * *
You hit the bog body.
The bog body is heavily damaged.
The bog body casts a spell at you. The bolt of cold hits you!!
You die...

Action                     |  1- 3 |  4- 6 |  7- 9 | 10-12 | 13-15 || total
---------------------------+-------+-------+-------+-------+-------++-------
  Melee: Spear             |   175 |   165 |   295 |       |       ||   635
         Punch             |     1 |     5 |     4 |       |       ||    10
         Tailslap          |       |     5 |       |       |     6 ||    11
         Halberd           |       |       |   262 |   176 |       ||   438
         Glaive            |       |       |       |   273 |   173 ||   446
         Bardiche          |       |       |       |     5 |       ||     5
 Invoke: Trog's Hand       |     1 |     1 |       |     2 |     1 ||     5
         Berserk           |     1 |       |       |     7 |     2 ||    10
         Brothers in Arms  |       |       |       |     1 |       ||     1
  Evoke: Wand              |       |       |       |       |     6 ||     6
    Use: Scroll            |       |       |     6 |     8 |       ||    14
         Potion            |       |       |       |     1 |     3 ||     4
   Stab: Sleeping          |     2 |     3 |       |       |       ||     5
 Armour: Animal skin       |    16 |     7 |     1 |       |       ||    24
         Plate armour      |       |       |   241 |   244 |    91 ||   576
  Dodge: Dodged            |    95 |    41 |   112 |   166 |    74 ||   488

Levels and vault maps discovered:
D:1:      minmay_arrival_plants_in_alcoves, layout_basic
D:2:      layout_rooms, basic_altar, grunt_ministairs_14
D:3:      layout_basic, portal_sewer_entry_f, uniq_sigmund
D:4:      layout_rooms, temple_green, eino_curves_03
D:5:      minmay_goblin_kobold_castle, layout_cave_pools, serial_glass,
          glass_columns_a, glass_columns_b, glass_columns_a, glass_columns_c,
          glass_columns_a, glass_columns_b, serial_bayou_pond_e, uniq_menkaure
D:6:      layout_basic
D:7:      layout_basic, lemuel_coloured_pillars_altar
D:8:      layout_rooms, serial_park_tiny_2, uniq_maurice
D:9:      layout_irregular_city, erik_lair_orcish_takeover
D:10:     layout_long_grid, cheibrodos_worm_habitat,
          nicolae_qazlal_eye_of_the_storm, general_overflow_altar, minmay_holes
D:11:     layout_gridville, orc_david_3, uniq_harold
Lair:1:   layout_regular_city, nicolae_lair_liquid_snakes, lemuel_fruit_fields,
          uniq_joseph, uniq_urug
Lair:2:   layout_roguey, spider_nest_entry_web_field,
          nicolae_volcano_entry_two_sided, chequers_serial_rivers_micro_b,
          nicolae_lair_grove_arrangements
Lair:3:   nzn_winding_woodlands_cross [nzn_winding_woodlands_5x15_concentric,
          nzn_winding_woodlands_5x15_cabin,
          nzn_winding_woodlands_5x15_lazy_stream,
          nzn_winding_woodlands_5x15_sawtooth,
          nzn_winding_woodlands_15x15_five_gardens], layout_chaotic_city,
          skrybe_swamp_entry_bodies, portal_ice_cave_entry_pillars_2,
          uniq_nessos

Notes
Turn   | Place    | Note
-------+----------+-------------------------------------------
     0 | D:1      | sanka the Merfolk Berserker began the quest for the Orb.
     0 | D:1      | Reached XP level 1. HP: 18/18 MP: 1/1
   152 | D:1      | Reached XP level 2. HP: 24/24 MP: 2/2
   186 | D:1      | Reached skill level 5 in Polearms
   328 | D:1      | Reached XP level 3. HP: 29/29 MP: 3/3
   621 | D:2      | Reached ** piety under Trog
   669 | D:2      | Found a hide-covered altar of Uskayaw.
   877 | D:2      | Reached skill level 6 in Polearms
  1085 | D:2      | Identified the +1 spear "Raosm" {venom, Str+3}
  1396 | D:3      | Reached XP level 4. HP: 35/35 MP: 4/4
  1403 | D:3      | Reached skill level 7 in Polearms
  1410 | D:3      | Reached XP level 5. HP: 34/41 MP: 5/5
  1584 | D:3      | Reached skill level 8 in Polearms
  1636 | D:3      | Found a glowing drain.
  1705 | Sewer    | Entered a sewer
  1747 | Sewer    | Reached *** piety under Trog
  1832 | Sewer    | Reached XP level 6. HP: 42/47 MP: 6/6
  1958 | Sewer    | Reached skill level 9 in Polearms
  2294 | D:3      | Noticed Sigmund
  2310 | D:3      | Killed Sigmund
  2311 | D:3      | Reached skill level 10 in Polearms
  2311 | D:3      | Reached XP level 7. HP: 37/52 MP: 7/7
  2358 | D:3      | Identified the +1 quarterstaff of Laittotz {spect, Int+4}
  2937 | D:4      | Reached **** piety under Trog
  2943 | D:4      | Reached skill level 11 in Polearms
  3260 | D:4      | Identified the +1 falchion of Soutofis {heavy, rCorr Str+3
                  | Int-4 Dex+4}
  3282 | D:4      | Found a staircase to the Ecumenical Temple.
  3311 | D:5      | Entered Level 5 of the Dungeon
  3631 | D:5      | Reached skill level 12 in Polearms
  3631 | D:5      | Reached XP level 8. HP: 57/58 MP: 8/8
  3827 | D:5      | Noticed Menkaure
  3842 | D:5      | Killed Menkaure
  3843 | D:5      | Reached skill level 2 in Armour
  3843 | D:5      | Reached skill level 3 in Dodging
  3938 | D:5      | Reached skill level 4 in Fighting
  4170 | D:5      | Reached ***** piety under Trog
  4189 | D:5      | Reached skill level 4 in Dodging
  4504 | D:5      | Reached skill level 3 in Armour
  5156 | D:6      | Reached XP level 9. HP: 64/67 MP: 7/9
  5491 | D:6      | Reached skill level 5 in Dodging
  5608 | D:6      | Reached skill level 5 in Fighting
  5655 | D:6      | Received a gift from Trog
  5672 | D:6      | Reached skill level 4 in Armour
  5954 | D:7      | Reached skill level 13 in Polearms
  6064 | D:7      | Identified +0 steam dragon scales
  6137 | D:7      | Reached skill level 6 in Dodging
  6516 | D:7      | Found a white marble altar of Elyvilon.
  6620 | D:8      | Identified +0 steam dragon scales
  6621 | D:8      | Noticed Maurice
  6633 | D:8      | Killed Maurice
  6634 | D:8      | Reached skill level 6 in Fighting
  6634 | D:8      | Reached skill level 5 in Armour
  6634 | D:8      | Reached XP level 10. HP: 49/76 MP: 7/10
  7390 | D:9      | Reached skill level 14 in Polearms
  7702 | D:9      | Found a staircase to the Lair.
  7755 | D:9      | Reached skill level 7 in Dodging
  8032 | D:9      | Noticed a two-headed ogre
  8043 | D:9      | Killed a two-headed ogre
  8122 | D:9      | Reached skill level 6 in Armour
  8189 | D:9      | Received a gift from Trog
  8360 | D:9      | Identified the +1 robe "Norchiqed" {rC- Regen+ Int+3 Dex+5}
  8817 | D:10     | Entered Level 10 of the Dungeon
  8838 | D:10     | Found a shimmering blue altar of Sif Muna.
  8868 | D:10     | Reached skill level 7 in Fighting
  8870 | D:10     | Reached skill level 15 in Polearms
  8928 | D:10     | Reached skill level 8 in Dodging
  8928 | D:10     | Reached XP level 11. HP: 84/84 MP: 11/11
  9065 | D:10     | Identified a scroll of acquirement
  9067 | D:10     | Acquired a manual of Fighting
  9134 | D:10     | Found a snail-covered altar of Cheibriados.
  9234 | D:10     | Found a stormy altar of Qazlal.
  9260 | D:10     | Noticed a centaur warrior
  9272 | D:10     | Killed a centaur warrior
  9643 | D:10     | Reached skill level 8 in Fighting
  9644 | D:10     | Reached skill level 7 in Armour
  9831 | D:11     | Noticed a manticore
  9834 | D:11     | Killed a manticore
  9887 | D:11     | Noticed a brown ugly thing
  9895 | D:11     | Killed a brown ugly thing
  9896 | D:11     | Reached skill level 16 in Polearms
 10008 | D:11     | Identified +0 acid dragon scales
 10099 | D:11     | Noticed a boulder beetle
 10113 | D:11     | Killed a boulder beetle
 10114 | D:11     | Reached skill level 9 in Dodging
 10195 | D:11     | Noticed Harold
 10200 | D:11     | Killed Harold
 10201 | D:11     | Reached skill level 9 in Fighting
 10408 | D:11     | Found a staircase to the Orcish Mines.
 10417 | D:11     | Found Qiwagaef's Armour Emporium.
 10857 | Lair:1   | Entered Level 1 of the Lair of Beasts
 10922 | Lair:1   | Noticed Joseph
 10939 | Lair:1   | Killed Joseph
 10940 | Lair:1   | Reached XP level 12. HP: 80/96 MP: 9/12
 11100 | Lair:1   | Reached skill level 17 in Polearms
 11598 | Lair:1   | Reached skill level 18 in Polearms
 11925 | Lair:1   | Noticed Urug
 12024 | Lair:1   | Killed Urug
 12030 | Lair:1   | HP: 9/96 [poisoned by Urug]
 12404 | D:11     | Bought a +1 cloak for 184 gold pieces
 12838 | Lair:2   | Reached skill level 19 in Polearms
 12867 | Lair:2   | Found a hole to the Spider Nest.
 13115 | Lair:2   | Found a dark tunnel.
 13168 | Volcano  | Entered a volcano
 13204 | Volcano  | Noticed a centaur warrior
 13220 | Volcano  | Killed a centaur warrior
 13436 | Volcano  | Noticed a red draconian
 13448 | Volcano  | Killed a red draconian
 13448 | Volcano  | Received a gift from Trog
 13449 | Volcano  | Reached skill level 20 in Polearms
 13717 | Lair:2   | Identified the +9 falchion "Transmigrator" {freeze, rPois
                  | rF- Will+ Dex+2}
 13760 | Lair:2   | Reached skill level 8 in Armour
 14157 | Lair:3   | Noticed a seven-headed hydra
 14169 | Lair:3   | Killed a three-headed hydra
 14170 | Lair:3   | Reached skill level 10 in Fighting
 14170 | Lair:3   | Reached XP level 13. HP: 81/103 MP: 10/13
 14216 | Lair:3   | Reached skill level 10 in Dodging
 14217 | Lair:3   | Noticed Nessos
 14231 | Lair:3   | HP: 9/103 [Nessos/arrow (3)]
 14248 | Lair:3   | Your ally Nessos died
 14505 | Lair:3   | Found a frozen archway.
 14575 | IceCv    | Entered an ice cave
 14711 | IceCv    | Reached skill level 11 in Fighting
 14902 | IceCv    | Noticed a frost giant
 14982 | IceCv    | Killed a frost giant
 14983 | IceCv    | Reached skill level 9 in Armour
 15189 | IceCv    | Reached skill level 11 in Dodging
 15825 | Lair:3   | Reached skill level 12 in Fighting
 15874 | Lair:3   | Received a gift from Trog
 16006 | Lair:3   | Found a staircase to the Swamp.
 16018 | Lair:3   | HP: 7/108 [bog body (17)]
 16019 | Lair:3   | Killed from afar by a bog body

Vanquished Creatures
  A frost giant (IceCv)
  A red draconian (Volcano)
  Harold (D:11)
  A hydra (Lair:3)
  2 boulder beetles
  2 centaur warriors
  A two-headed ogre (D:9)
  8 death yaks (IceCv)
  Urug (Lair:1)
  An ugly thing (D:11)
  A manticore (D:11)
  2 black mambas
  An ice statue (IceCv)
  Joseph (Lair:1)
  4 cane toads
  A gargoyle (D:11)
  4 komodo dragons
  4 yaktaurs (Volcano)
  A kobold demonologist (D:10)
  9 rime drakes
  3 trolls
  4 polar bears (IceCv)
  5 blink frogs (Lair:3)
  Sigmund (D:3)
  A wyvern (D:8)
  39 yaks
  A basilisk (Lair:3)
  4 steam dragons
  Menkaure (D:5)
  2 wargs (D:9)
  An acid dragon (D:11)
  5 water moccasins
  A sky beast (D:6)
  2 black bears
  4 orc warriors
  A centaur (D:10)
  22 wolves
  A phantom (D:6)
  5 kobold brigands
  8 bullfrogs
  4 gnoll sergeants
  3 scorpions
  11 wights
  3 electric eels (Lair:1)
  A howler monkey (D:3)
  3 lava snakes (Lair:1)
  5 orc priests
  A jelly (D:6)
  2 sleepcaps
  3 hounds
  2 iguanas
  15 orc wizards
  5 adders
  30 gnolls
  A white imp (D:8)
  2 ufetubi (D:6)
  2 worms
  5 dart slugs
  47 orcs
  2 bats
  19 endoplasms
  11 giant cockroaches
  46 goblins
  21 hobgoblins
  9 jackals
  28 kobolds
  10 quokkas
  11 ball pythons
  16 frilled lizards
  A rat (D:1)
477 creatures vanquished.

Vanquished Creatures (collateral kills)
  4 blink frogs (Lair:1)
  A wolf (Lair:1)
  A bullfrog (Lair:3)
6 creatures vanquished.

Vanquished Creatures (others)
  Nessos (Lair:3)
  Maurice (D:8)
  13 fungi
  44 plants
59 creatures vanquished.

Grand Total: 542 creatures vanquished
